 Dungeon Crawl Stone Soup version 0.29.1-12-g30fa7ad0bf (webtiles) character file.

Game seed: 5239902148210684136

1919 retardedninja the Covered (level 8, -4/74 HPs)
             Began as a Minotaur Fighter on Jan 11, 2023.
             Was an Initiate of Gozag.
             Killed by the air
             ... invoked by a wind drake
             ... created by the adversity of Qazlal
              (18 damage)
             ... on level 6 of the Dungeon.
             The game lasted 00:11:13 (7425 turns).

retardedninja the Covered (Minotaur Fighter)        Turns: 7425, Time: 00:11:15

Health: -4/74      AC: 20    Str: 22    XL:     8   Next: 95%
Magic:  7/7        EV:  7    Int:  4    God:    Gozag
Gold:   254        SH: 10    Dex: 14    Spells: 7/7 levels left

rFire   + + .      SeeInvis .   a - +0 war axe
rCold   x . .      Faith    .   c - +0 buckler
rNeg    . . .      Spirit   .   E - +4 chain mail
rPois   .          Reflect  .   y - +0 hat
rElec   .          Harm     .   v - +0 cloak
rCorr   .          Rampage  .   g - +0 pair of gloves
Will    .....                   j - +0 pair of boots
Stlth   ..........              (no amulet)
HPRegen 0.22/turn               l - ring of protection from fire
MPRegen 0.10/turn               w - ring of fire

@: mighty
A: horns 2, retaliatory headbutt, iridescent scales 1, large bone plates 1,
agile 1
a: Renounce Religion, Potion Petition, Call Merchant, Bribe Branch


You were on level 6 of the Dungeon.
You worshipped Gozag.
Gozag was aware of your devotion.
You visited 2 branches of the dungeon, and saw 7 of its levels.
You also visited: Sewer.

You collected 378 gold pieces.
You paid 124 gold pieces to Gozag.

Inventory:

Hand Weapons
 a - a +0 war axe (weapon)
Missiles
 x - 2 throwing nets (quivered)
Armour
 c - a +0 buckler (worn)
 g - a +0 pair of gloves (worn)
 j - a +0 pair of boots (worn)
 v - a +0 cloak (worn)
 y - a +0 hat (worn)
 E - a +4 chain mail (worn)
Jewellery
 l - a ring of protection from fire (left hand)
 w - a ring of fire (right hand)
Wands
 q - a wand of paralysis (11)
Scrolls
 h - a scroll of amnesia {unknown}
 i - a scroll of teleportation
 k - 2 scrolls of blinking
 m - 2 scrolls of magic mapping {unknown}
 p - a scroll of torment {unknown}
 u - a scroll of fog {unknown}
 A - a scroll of vulnerability {unknown}
 C - 3 scrolls of identify
 D - a scroll of silence
Potions
 d - a potion of might
 e - 3 potions of haste {unknown}
 f - a potion of heal wounds
 n - 2 potions of brilliance
 o - 2 potions of ambrosia
 r - a potion of mutation
 s - a potion of curing
 t - a potion of attraction
 z - 3 potions of lignification
 B - 2 potions of magic


   Skills:
 + Level 7.8 Fighting
 + Level 7.3 Axes
 + Level 7.9 Armour
 + Level 7.9 Shields


You had 7 spell levels left.
You didn't know any spells.
Your spell library contained the following spells:

 Spells                   Type           Power      Damage    Failure   Level
 Slow                     Hex            0%         N/A       99%         1
 Sting                    Tmut/Pois      0%         1d3       99%         1
 Summon Small Mammal      Summ           0%         N/A       99%         1
 Poisonous Vapours        Pois/Air       0%         N/A       100%        2
 Call Canine Familiar     Summ           0%         N/A       100%        3
 Confusing Touch          Hex            0%         N/A       100%        3
 Ignite Poison            Fire/Tmut/Pois 0%         N/A       100%        3
 Mephitic Cloud           Conj/Pois/Air  0%         N/A       100%        3
 Summon Guardian Golem    Hex/Summ       0%         N/A       100%        3
 Vampiric Draining        Necr           0%         2d6       100%        3
 Olgreb's Toxic Radiance  Pois           0%         N/A       100%        4
 Petrify                  Tmut/Erth      0%         N/A       100%        4
 Freezing Cloud           Conj/Ice/Air   0%         6-21      100%        5
 Metabolic Englaciation   Hex/Ice        0%         N/A       100%        5
 Statue Form              Tmut/Erth      0%         N/A       100%        6
 Borgnjor's Revivificati  Necr           0%         N/A       100%        8
 Necromutation            Tmut/Necr      0%         N/A       100%        8
 Death's Door             Necr           0%         N/A       100%        9


Dungeon Overview and Level Annotations

Branches:
Dungeon (6/15)             Temple (1/1) D:6           Sewer (visited)

Altars:
Ashenzari
Cheibriados
Dithmenos
Elyvilon
Gozag
Hepliaklqana
Nemelex Xobeh
Okawaru
Qazlal
Ru
Sif Muna
Trog
Uskayaw
Vehumet
Xom
Zin
The Shining One

Shops:
D:1 ?

Annotations:
D:6 2 transporters, mampy3000's ghost, novice MiBe


Innate Abilities, Weirdness & Mutations

You have a pair of horns on your head.
You reflexively headbutt those who attack you in melee.
You are partially covered in iridescent scales. (AC +2)
You are partially covered in large bone plates. (SH +4)
You are agile. (Dex +4, Str/Int -1)


Message History

You block the centaur's attack. The centaur barely misses you.
You furiously retaliate!
You headbutt the centaur!
You kill the centaur!
You slash the electric eel!
The electric eel is almost dead.
The electric eel shoots out a bolt of lightning at you!
The bolt of electricity hits you.
You slice the electric eel!!
You kill the electric eel!
You hear a splash.
You enter the shallow water.
Moving in this stuff is going to be slow.
You now have 254 gold pieces (gained 4).
You start resting.
Qazlal causes a mighty clap of thunder!
Qazlal incites the elements against you!
An earth elemental and a wind drake come into view.
There are monsters nearby!
There are monsters nearby!
There are monsters nearby!
You hear an angry buzzing noise. x2
Okay, then.
You barely miss the wind drake. You block the wind drake's attack.
You hit the wind drake.
The wind drake is lightly wounded.
You block the wind drake's attack.
You barely miss the wind drake.
The wind drake is lightly wounded.
You barely miss the earth elemental.
The wind drake bites you but does no damage.
The wind drake barely misses you. The earth elemental hits you!
* * * LOW HITPOINT WARNING * * *
You miss the wind drake. You headbutt the wind drake!
The wind drake is moderately wounded.
You slash the earth elemental! The wind drake flaps its wings at you.
The air twists around and strikes you!!
You die...
Your body crumbles into a pile of gold.

.###.# .##...
...©.......##
.###....########..###.####
.....#... .......## #)#
####.#.## #......# #)## #
#.# # ###......###[.## #
#.. , ............:..## #
* ., ......~~$~~.....#
####.. ....~~~k$.~≈~...#
....._ ~~~~~.E@...~~~~.#
.~~~.. ~......~~~....~.#
..~~≈≈ .....≈~~~~≈.....#
....~~ .~≈~~~~...~~≈≈..#
.~.... ~~~~~..._...~~~.#
.~~~.. ~.....#...#.....#
...~~~ ..#.###.####.##
......, .... ... ...
...... *.. #.# #.


You could see a wind drake (repels missiles) and an earth elemental.

Vanquished Creatures
  Grinder (Sewer)
  An ice beast (D:5)
  2 sky beasts
  2 black bears (D:5)
  An ogre (D:4)
  2 centaurs (D:6)
  A phantom (Sewer)
  2 bullfrogs
  2 necrophages
  2 wights (Sewer)
  2 electric eels (D:6)
  2 jellies
  A hound (D:5)
  A gnoll bouda (D:6)
  An orc priest (D:3)
  3 iguanas
  6 adders
  3 gnolls (D:6)
  A river rat (D:6)
  4 shadow imps (Sewer)
  2 white imps
  4 ufetubi (Sewer)
  2 worms
  3 dart slugs
  12 orcs
  10 ball pythons
  2 bat zombies (Sewer)
  6 endoplasms
  7 giant cockroaches
  4 goblins
  3 hobgoblins
  3 quokkas
  10 bats
  4 frilled lizards
  21 kobolds
  2 kobold zombies (Sewer)
  5 rats
140 creatures vanquished.

Vanquished Creatures (others)
  A gnoll (D:6)
1 creature vanquished.

Grand Total: 141 creatures vanquished

Notes
Turn   | Place    | Note
-------+----------+-------------------------------------------
     0 | D:1      | retardedninja the Minotaur Fighter began the quest for the
                  | Orb.
     0 | D:1      | Reached XP level 1. HP: 19/19 MP: 0/0
   313 | D:1      | Reached XP level 2. HP: 27/27 MP: 1/1
   651 | D:1      | Found Haine's Magic Scroll Shoppe.
   889 | D:2      | Reached XP level 3. HP: 30/33 MP: 2/2
  1780 | D:2      | Reached XP level 4. HP: 37/41 MP: 3/3
  2045 | D:3      | Found a faded altar of an unknown god.
  2141 | D:3      | Found a sacrificial altar of Ru.
  2644 | D:4      | Noticed an ogre
  2646 | D:4      | Killed an ogre
  2647 | D:4      | Reached XP level 5. HP: 42/47 MP: 4/4
  2827 | D:4      | Reached skill level 5 in Fighting
  2827 | D:4      | Reached skill level 5 in Armour
  2827 | D:4      | Reached skill level 5 in Shields
  3335 | D:5      | Entered Level 5 of the Dungeon
  3353 | D:5      | Reached XP level 6. HP: 44/56 MP: 5/5
  3422 | D:5      | Identified the +5 sling "Joutre" {vorpal, rElec rF++ Int-3}
  3428 | D:5      | Noticed an ice beast
  3430 | D:5      | Noticed a sky beast
  3438 | D:5      | Gained mutation: Potions are less effective at restoring
                  | your health. [potion of mutation]
  3438 | D:5      | Gained mutation: You passively map a small area around you.
                  | [potion of mutation]
  3441 | D:5      | Killed an ice beast
  3441 | D:5      | Killed a sky beast
  3546 | D:5      | Reached skill level 5 in Axes
  3546 | D:5      | Reached XP level 7. HP: 24/62 MP: 6/6
  4589 | D:6      | Found a glowing drain.
  4613 | Sewer    | Entered a sewer
  4856 | Sewer    | Found an ancient bone altar of Kikubaaqudgha.
  5036 | Sewer    | Reached XP level 8. HP: 44/71 MP: 7/7
  5485 | Sewer    | Identified the +3 leather armour "Uligru" {Will+ Str+6}
  5500 | Sewer    | Noticed Grinder
  5512 | Sewer    | Paralysed by Grinder for 3 turns
  5517 | Sewer    | Paralysed by Grinder for 2 turns
  5521 | Sewer    | Paralysed by Grinder for 5 turns
  5538 | Sewer    | Killed Grinder
  5944 | D:6      | Identified the +2 flail of Midsummer {flame, rC+ Str+3
                  | Dex-3}
  6188 | D:6      | Found a staircase to the Ecumenical Temple.
  6206 | D:6      | Found a shimmering blue altar of Sif Muna.
  6238 | Temple   | Entered the Ecumenical Temple
  6317 | Temple   | Became a worshipper of Qazlal Stormbringer
  6454 | D:6      | Lost mutation: Potions are less effective at restoring your
                  | health. [potion of mutation]
  6454 | D:6      | Lost mutation: You passively map a small area around you.
                  | [potion of mutation]
  6454 | D:6      | Gained mutation: You are agile. (Dex +4, Str/Int -1)
                  | [potion of mutation]
  6454 | D:6      | Gained mutation: You are partially covered in large bone
                  | plates. (SH +4) [potion of mutation]
  6454 | D:6      | Gained mutation: You are partially covered in iridescent
                  | scales. (AC +2) [potion of mutation]
  6463 | D:6      | Noticed mampy3000's ghost (novice MiBe)
  6464 | D:6      | Found a transporter.
  6467 | D:6      | Found a transporter.
  6490 | D:6      | Noticed a hornet
  6526 | D:6      | Found a sparkling altar of Nemelex Xobeh.
  7185 | Temple   | Fell from the grace of Qazlal
  7185 | Temple   | Became a worshipper of Gozag Ym Sagoz the Greedy
  7421 | D:6      | Noticed a wind drake
  7425 | D:6      | Killed from afar by a wind drake

Illustrated notes

Levels and vault maps discovered:
D:1:      dpeg_arrival_solitude, layout_loops_ring, serial_shops,
          nicolae_diamond_shop
D:2:      layout_loops_cross
D:3:      layout_basic, lemuel_doored_altar, basic_ecumenical_altar
D:4:      layout_loops_ring
D:5:      layout_gridville, hangedman_decor_riveting
D:6:      layout_basic, nzn_wu_jian_contemplation,
          mainiacjoe_overflow_catch_the_wave, temple_pool_b,
          gammafunk_ghost_hive, portal_sewer_entry_b, minmay_liquid_box
Temple:   nicolae_temple_ecumenical_triangle

Skill      XL: |  1  2  3  4  5  6  7  8 |
---------------+-------------------------+-----
Armour         | 4 5 6 7 |  7.9
Shields        | 4 5 6 7 |  7.9
Fighting       | 4 5 6 7 |  7.8
Axes           | 3 4 5 6 7 |  7.3

Action                   |  1- 3 |  4- 6 |  7- 9 || total
-------------------------+-------+-------+-------++-------
Melee: War axe           |    84 |    68 |   189 ||   341
       Headbutt          |     3 |     7 |    31 ||    41
Evoke: Wand              |       |       |     1 ||     1
  Use: Scroll            |     1 |       |     9 ||    10
       Potion            |       |     3 |     6 ||     9
Armor: Scale mail        |    57 |    35 |    95 ||   187
       Chain mail        |       |       |    26 ||    26
Dodge: Dodged            |    46 |    33 |    77 ||   156
Block: Buckler           |    23 |    21 |    53 ||    97
